 Dungeon Crawl Stone Soup version 0.23.2-1-ga50397a (webtiles) character file.

Game seed: 1840925201670369131

14604 Fang the Fighter (level 12, -3/82 HPs)
             Began as a Gargoyle Berserker on May 16, 2019.
             Was a High Priest of Trog.
             Slain by a 15-headed hydra (7 damage)
             ... on level 1 of the Lair of Beasts.
             The game lasted 00:13:09 (8827 turns).

Fang the Fighter (Gargoyle Berserker)               Turns: 8827, Time: 00:13:09

Health: -3/82      AC: 26    Str: 25    XL:     12   Next: 18%
Magic:  12/12      EV: 10    Int: 12    God:    Trog [*****.]
Gold:   642        SH:  0    Dex:  9    Spells: 11/11 levels left

rFire    . . .     SeeInvis .   a - +3 war axe
rCold    . . .     Gourm    .   (no shield)
rNeg     + . .     Faith    .   b - +1 plate armour
rPois    ∞         Spirit   .   l - +2 hat {Int+3}
rElec    +         Reflect  .   (no cloak)
rCorr    .         Harm     .   (no gloves)
MR       .....                  (no boots)
Stlth    ..........             (no amulet)
HPRegen  0.23/turn              o - ring of flight
MPRegen  0.13/turn              (no ring)

@: berserk cooldown, slowed, very slow
A: negative energy resistance 1, electricity resistance, unbreathing,
petrification resistance, rot immunity, AC +8
a: Berserk, Trog's Hand, Brothers in Arms, Renounce Religion, Evoke Flight


You were on level 1 of the Lair of Beasts.
You worshipped Trog.
Trog was extremely pleased with you.
You were near starving.

You visited 3 branches of the dungeon, and saw 12 of its levels.

You collected 642 gold pieces.

Inventory:

Hand Weapons
 a - a +3 war axe (weapon)
 k - a +7 broad axe of distortion
 n - a +2 hand axe of flaming
Armour
 b - a +1 plate armour (worn)
 l - a +2 hat of intelligence (worn)
Jewellery
 o - a ring of flight (left hand)
 t - an uncursed ring of protection from cold {unknown}
 y - a cursed ring of poison resistance {unknown}
Wands
 j - a wand of polymorph (7)
 w - a wand of clouds (5)
 x - a wand of paralysis (22)
 B - a wand of flame (28)
 D - a wand of random effects (13)
Scrolls
 d - a scroll of blinking
 h - 2 scrolls of teleportation
 p - 3 scrolls of fog
 q - 14 scrolls of remove curse
 s - a scroll of magic mapping
 v - a scroll of fear {unknown}
Potions
 e - 2 potions of flight
 f - a potion of heal wounds
 g - 2 potions of haste
 i - a potion of might {unknown}
 m - a potion of resistance {unknown}
 r - 7 potions of curing
 u - 3 potions of berserk rage
 A - a potion of mutation
Comestibles
 c - 23 rations


   Skills:
 + Level 12.4 Fighting
 + Level 10.6 Axes
 + Level 9.7 Armour
 + Level 7.3 Dodging


You had 11 spell levels left.
You didn't know any spells.
Your spell library was empty.

Dungeon Overview and Level Annotations

Branches:
Dungeon (10/15)            Temple (1/1) D:6            Lair (1/6) D:9
    Orc (0/2) D:10

Altars:
Ashenzari
Cheibriados
Dithmenos
Elyvilon
Fedhas
Gozag
Hepliaklqana
Kikubaaqudgha
Makhleb
Nemelex Xobeh
Okawaru
Qazlal
Ru
Sif Muna
Trog
Uskayaw
Vehumet
Wu Jian
Xom
Yredelemnul
Zin
The Shining One

Shops:
D:7 *

Annotations:
D:7 exclusion: statue


Innate Abilities, Weirdness & Mutations

You are resistant to torment.
Your stone body is resilient. (AC +8)
You are immune to poison.
You resist negative energy. (rN+)
You are resistant to electric shocks. (rElec)
You can survive without breathing.
You are immune to petrification.
You are immune to rotting.


Message History

You feel a strong urge to attack something.
You feel your anger nearly subside.
You are no longer berserk.
You are exhausted.
You feel yourself slow down.
You feel much better.
Your ogre goes berserk!
You are near starving!
The 15-headed hydra bites you but does no damage. x4
The 15-headed hydra completely misses you.
The 15-headed hydra bites you!
* * * LOW HITPOINT WARNING * * *
The 15-headed hydra completely misses you.
The 15-headed hydra bites you!
* * * LOW HITPOINT WARNING * * *
The 15-headed hydra bites you but does no damage. x3
The 15-headed hydra bites you!
* * * LOW HITPOINT WARNING * * *
The 15-headed hydra bites you but does no damage.
The 15-headed hydra bites you!
You die...

...≈≈≈≈≈≈≈≈................
#.≈≈≈≈≈≈≈≈≈≈..............
#.≈≈≈≈.≈≈≈≈..####.##..####
#≈≈≈≈≈<.≈≈≈.## ####..#
#≈.≈≈≈≈..≈≈≈.P# #..#
##.≈≈≈≈≈≈≈≈≈.## #..#
#..≈≈≈≈≈≈≈≈.# #..#
#.≈≈≈≈≈≈≈.≈.########...
.......≈..@D............
........O...............
##...#######.##..##### ###
###


You could see a 15-headed hydra and a friendly ogre (berserk).

Vanquished Creatures
  Gastronok (D:8)
  Erica (D:10)
  The ghost of MollyMolluskus the Covert, a novice OpAr (D:5)
  Psyche (D:9)
  2 spiny frogs (Lair:1)
  2 trolls
  Grinder (D:4)
  3 hippogriffs
  Sigmund (D:5)
  The ghost of Wiilli the Ducker, an amateur FeVM (D:5)
  A hungry ghost (D:10)
  Menkaure (D:5)
  A warg (D:10)
  A porcupine (Lair:1)
  Duvessa (D:5)
  A water moccasin (Lair:1)
  6 orc warriors
  3 phantoms
  5 sky beasts
  An eye of draining (D:10)
  4 ice beasts
  2 black bears
  2 ogres
  2 wolves (D:9)
  3 centaurs
  A crocodile (D:8)
  2 big kobolds
  7 bullfrogs
  5 scorpions
  Dowan (D:5)
  3 killer bees (D:9)
  3 wights (D:7)
  3 electric eels (D:9)
  A howler monkey (D:4)
  2 crimson imps
  2 bullfrog zombies
  6 jellies
  A quasit (D:7)
  7 hounds
  8 orc wizards
  A centaur skeleton (D:8)
  2 orc priests
  2 bullfrog skeletons
  An iguana (D:4)
  4 worker ants
  Terence (D:2)
  A killer bee zombie (D:5)
  3 hound skeletons
  Robin (D:2)
  A howler monkey skeleton (D:5)
  3 gnolls (D:5)
  10 adders
  2 shadow imps
  5 oozes (D:9)
  A worm (D:2)
  4 dart slugs
  5 leopard geckos
  34 orcs
  A giant cockroach (D:4)
  18 goblins
  9 hobgoblins
  3 jackals (D:4)
  3 quokkas
  A ball python (D:6)
  3 bats (D:1)
  7 frilled lizards
  A jackal skeleton (D:4)
  19 kobolds
  7 rats
253 creatures vanquished.

Vanquished Creatures (collateral kills)
  A hydra (Lair:1)
1 creature vanquished.

Grand Total: 254 creatures vanquished

Notes
Turn   | Place    | Note
-------+----------+-------------------------------------------
     0 | D:1      | Fang the Gargoyle Berserker began the quest for the Orb.
     0 | D:1      | Reached XP level 1. HP: 14/14 MP: 1/1
   142 | D:1      | Reached XP level 2. HP: 15/19 MP: 2/2
   534 | D:1      | Reached XP level 3. HP: 22/23 MP: 3/3
   562 | D:1      | Reached ** piety under Trog
   878 | D:2      | Noticed Robin
   892 | D:2      | Reached XP level 4. HP: 29/29 MP: 4/4
   895 | D:2      | Killed Robin
   945 | D:2      | Found a blossoming altar of Fedhas.
  1028 | D:2      | Noticed Terence
  1043 | D:2      | Killed Terence
  1043 | D:2      | Reached skill level 4 in Fighting
  1554 | D:3      | You fall through a shaft!
  1562 | D:4      | Reached XP level 5. HP: 26/33 MP: 5/5
  1677 | D:4      | Noticed Grinder
  1696 | D:4      | Killed Grinder
  1696 | D:4      | Reached XP level 6. HP: 27/40 MP: 6/6
  1894 | D:4      | Reached skill level 5 in Fighting
  1924 | D:4      | Reached *** piety under Trog
  2096 | D:4      | Noticed a sky beast
  2117 | D:4      | Killed a sky beast
  2117 | D:4      | Reached XP level 7. HP: 42/44 MP: 7/7
  2539 | D:5      | Entered Level 5 of the Dungeon
  2544 | D:5      | Reached skill level 5 in Armour
  2618 | D:5      | Found a runed translucent gate.
  2619 | D:5      | Found a runed translucent gate.
  2619 | D:5      | Found a runed translucent gate.
  2635 | D:5      | Noticed MollyMolluskus's ghost (novice OpAr)
  2635 | D:5      | Noticed Wiilli's ghost (amateur FeVM)
  2725 | D:5      | Noticed Sigmund
  2751 | D:5      | Killed Sigmund
  2751 | D:5      | Reached XP level 8. HP: 51/51 MP: 8/8
  2845 | D:5      | Reached skill level 6 in Fighting
  2870 | D:5      | Reached skill level 5 in Axes
  2907 | D:5      | Found a sparkling altar of Nemelex Xobeh.
  3018 | D:5      | Noticed Menkaure
  3027 | D:5      | Killed Menkaure
  3515 | D:5      | Noticed Duvessa
  3515 | D:5      | Noticed Dowan
  3520 | D:5      | Killed Dowan
  3540 | D:5      | Killed Duvessa
  3745 | D:5      | Killed MollyMolluskus's ghost
  3745 | D:5      | Reached **** piety under Trog
  3745 | D:5      | Reached skill level 7 in Fighting
  3745 | D:5      | Reached skill level 5 in Dodging
  3745 | D:5      | Reached XP level 9. HP: 57/57 MP: 9/9
  3758 | D:5      | Killed Wiilli's ghost
  4004 | D:6      | Found a staircase to the Ecumenical Temple.
  4045 | D:6      | Found a snail-covered altar of Cheibriados.
  4054 | Temple   | Entered the Ecumenical Temple
  4144 | D:6      | Found a shadowy altar of Dithmenos.
  4147 | D:6      | Found an ancient bone altar of Kikubaaqudgha.
  4152 | D:6      | Found a shimmering altar of Xom.
  4190 | D:6      | Found a hazy altar of Hepliaklqana.
  4218 | D:6      | Found a white marble altar of Elyvilon.
  4397 | D:7      | Found Reegae's General Store.
  4584 | D:7      | Found a shattered altar of Ashenzari.
  4798 | D:7      | Found a hide-covered altar of Uskayaw.
  5102 | D:7      | Reached ***** piety under Trog
  5102 | D:7      | Reached skill level 8 in Fighting
  5117 | D:7      | Found a radiant altar of Vehumet.
  5139 | D:7      | HP: 4/88 [orc warrior/+0 dire flail (20)]
  5533 | D:8      | Reached skill level 11 in Fighting
  5533 | D:8      | Reached XP level 10. HP: 70/70 MP: 10/10
  5648 | D:8      | Found a basalt altar of Yredelemnul.
  5660 | D:8      | Noticed Gastronok
  5676 | D:8      | Killed Gastronok
  5676 | D:8      | Reached XP level 11. HP: 74/74 MP: 11/11
  5874 | D:8      | Reached skill level 10 in Axes
  6285 | D:9      | Noticed Psyche
  6292 | D:9      | Killed Psyche
  6924 | D:9      | Found a staircase to the Lair.
  7146 | D:9      | Reached skill level 12 in Fighting
  7233 | D:10     | Entered Level 10 of the Dungeon
  7509 | D:10     | Found a staircase to the Orcish Mines.
  7630 | D:10     | Noticed Erica
  7640 | D:10     | Killed Erica
  7848 | D:10     | Reached XP level 12. HP: 81/81 MP: 12/12
  8024 | D:10     | Received a gift from Trog
  8255 | Lair:1   | Entered Level 1 of the Lair of Beasts
  8457 | Lair:1   | Noticed a five-headed hydra
  8468 | Lair:1   | Killed an 11-headed hydra
  8808 | Lair:1   | Noticed a six-headed hydra
  8827 | Lair:1   | HP: 4/82 [15-headed hydra (8)]
  8827 | Lair:1   | Slain by a 15-headed hydra

Skill      XL: |  1  2  3  4  5  6  7  8  9 10 11 |
---------------+----------------------------------+-----
Axes           | 3 4 5 9 10 | 10.6
Dodging        | 2 3 4 5 6 7 |  7.3
Armour         | 3 4 5 6 7 8 9 |  9.7
Fighting       | 4 5 7 11 12 | 12.4

Action                   |  1- 3 |  4- 6 |  7- 9 | 10-12 || total
-------------------------+-------+-------+-------+-------++-------
Melee: Hand axe          |   101 |    18 |       |       ||   119
       War axe           |       |   102 |   340 |   373 ||   815
Invok: Berserk           |     1 |     3 |     8 |     4 ||    16
       Brothers in Arms  |       |       |       |     2 ||     2
  Use: Scroll            |       |       |    19 |     4 ||    23
       Potion            |       |       |     1 |     1 ||     2
 Stab: Sleeping          |     1 |       |       |       ||     1
  Eat: Chunk             |       |     7 |    18 |    11 ||    36
       Ration            |       |       |     1 |     1 ||     2
Armor: Animal skin       |    43 |    14 |       |       ||    57
       Chain mail        |       |    50 |   330 |       ||   380
       Plate armour      |       |       |     2 |   387 ||   389
Dodge: Dodged            |    78 |    50 |   213 |   207 ||   548
